Map: Pillars of Gold LE

Players

ExpecT

  • Race: Terran Terran
  • Spawn Location: 7:00

GogojOey - Winner!

  • Race: Zerg Zerg
  • Spawn Location: 1:00

Event: DreamHack SC2 Masters 2020 Winter

VOD

Have the link to the VOD?

Description

Time

  • Played on: Oct. 15, 2020, 7:27 a.m.
  • Length: 7:04

All games in this series

Show
View Real Time Build Order
Export as new Build Order

ExpecT Terran 

Build Orders: Liberator Opening, Reaper Expand 

Get SALT Encoding   

  12  0:00  SCV  
  13  0:12  SCV  
  14  0:17  Supply Depot  
  14  0:24  SCV  
  15  0:39  SCV  
  15  0:40  Barracks  
  16  0:44  Refinery  
  16  0:51  SCV  
  17  1:03  SCV  
  18  1:15  SCV  
  19  1:27  Reaper  
  19  1:28  Orbital Command  
  20  1:43  Command Center  
  20  1:54  SCV, Supply Depot  
  21  2:03  Marine  
  22  2:09  Factory  
  22  2:12  SCV  
  23  2:18  Refinery  
  23  2:21  Barracks Reactor  
  23  2:25  SCV  
  24  2:39  SCV  
  26  2:51  SCV  
  26  2:55  Orbital Command, Starport  
  26  3:03  SCV  
  26  3:04  Hellion x2  
  31  3:12  Barracks Tech Lab  
  31  3:15  SCV  
  32  3:21  SCV  
  33  3:27  SCV  
  33  3:29  Hellion x2  
  33  3:33  SCV  
  39  3:34  Liberator  
  39  3:39  SCV  
  43  3:45  SCV  
  43  3:47  Supply Depot  
  44  3:55  SCV  
  44  3:57  SCV  
  46  4:08  Command Center  
  46  4:09  SCV  
  48  4:10  SCV  
  47  4:24  Viking  
  49  4:33  Supply Depot, Marine x2, Siege Tank  
  49  4:34  Supply Depot, Bunker  
  54  4:43  SCV x2  
  56  4:51  Marine x2  
  58  4:54  Bunker  
  50  5:09  SCV x2, Marine x2  
  43  5:28  Siege Tank  
  32  5:38  Marine x2  
  34  5:45  Orbital Command  
  27  6:13  SCV  
  27  6:14  SCV  
  27  6:20  Barracks  
  27  6:26  SCV  
  27  6:27  SCV  
  27  6:30  Marine, Factory Tech Lab  
  30  6:38  SCV  
  30  6:39  SCV  
  30  6:50  SCV  
Show
View Real Time Build Order
Export as new Build Order

GogojOey Zerg - Winner!

Build Orders: Hatch First, Roach Nydus 

Get SALT Encoding   

  12  0:00  Drone  
  13  0:12  Overlord  
  13  0:17  Drone  
  14  0:31  Drone x2  
  16  0:50  Hatchery  
  16  0:52  Drone  
  16  0:56  Drone  
  17  1:00  Drone  
  18  1:10  Extractor  
  17  1:16  Spawning Pool  
  16  1:19  Drone  
  16  1:22  Drone  
  18  1:28  Drone  
  19  1:38  Drone  
  20  1:49  Drone  
  21  2:03  Queen x2  
  21  2:04  Zergling x4  
  27  2:10  Overlord  
  27  2:12  Drone  
  28  2:32  Spore Crawler  
  28  2:33  Drone  
  29  2:38  Drone x3  
  29  2:43  Queen  
  34  2:47  Overlord  
  34  2:52  Lair  
  34  2:54  Drone x2  
  36  3:05  Drone, Extractor  
  36  3:06  Roach Warren, Drone  
  36  3:08  Drone  
  37  3:15  Drone x2  
  37  3:17  Drone  
  37  3:19  Drone  
  41  3:24  Queen  
  43  3:29  Overlord  
  43  3:33  Overlord  
  43  3:42  Overlord  
  43  3:47  Roach x2  
  43  3:48  Roach  
  49  3:55  Nydus Network  
  49  3:58  Roach  
  50  4:07  Overlord  
  50  4:09  Roach x2  
  54  4:18  Overlord  
  54  4:28  Roach x2  
  54  4:30  Roach x2  
  62  4:32  Nydus Canal  
  62  4:34  Queen  
  62  4:38  Roach  
  66  4:39  Roach  
  66  4:42  Roach  
  66  4:45  Roach  
  72  4:50  Zergling x4  
  74  4:55  Nydus Canal  
  58  5:16  Queen x2  
  58  5:18  Zergling x2, Roach  
  58  5:19  Zergling x8  
  59  5:38  Ravager  
  59  5:39  Ravager x2  
  62  5:52  Queen x2, Roach x2  
  62  5:56  Roach  
  69  6:06  Roach x3  
  71  6:12  Roach  
  73  6:24  Zergling x12  
  79  6:28  Ravager, Queen x2  
Tags
 
Add a new tag
Caveats
  • Supply blocks, unpowered buildings, or Contaminate may cause inaccurate times.
  • Supply counts are checked every 10 seconds.